 Dungeon Crawl Stone Soup version 0.19-a0-1049-g462a813 (webtiles) character file.

295 epen the Ruffian (level 6, -1/53 HPs)
             Began as a Ghoul Chaos Knight on July 31, 2016.
             Slain by an orc wizard
             ... wielding a +0 dagger
              (4 damage)
             ... on level 4 of the Dungeon.
             The game lasted 00:03:24 (2297 turns).

epen the Ruffian (Ghoul Chaos Knight)               Turns: 2297, Time: 00:03:26

Health: -1/53      AC:  8    Str: 15 (18) XL:     6   Next: 34%
Magic:  5/5        EV: 11    Int:  6 (7)  God:    Xom [*.....]
Gold:   68         SH:  0    Dex:  5 (8)  Spells: 0 memorised, 5 levels left

rFire  . . .     SeeInvis .       - Unarmed
rCold  + . .     Gourm    .     a - +2 leather armour
rNeg   + + +     Faith    .     (no shield)
rPois  ∞         Spirit   .     n - +2 helmet
rElec  .         Dismiss  .     (no cloak)
rCorr  .         Reflect  .     (no gloves)
SustAt .         Harm     .     (no boots)
MR     .....                    (no amulet)
Stlth  +.........               (no ring)
                                (no ring)

@: rotting, not resistant to hostile enchantments, very unstealthy
A: rotting body, claws 1, carnivore 3, cold resistance 1, negative energy
resistance 3, slow regeneration 1, torment resistance, unbreathing
a: Renounce Religion


You were on level 4 of the Dungeon.
You worshipped Xom.
You were a special plaything of Xom.
You were not hungry.

You visited 1 branch of the dungeon, and saw 4 of its levels.

You collected 68 gold pieces.

Inventory:

Armour
 a - a +2 leather armour (worn)
 n - a +2 helmet (worn)
Scrolls
 c - 4 scrolls of identify
 e - a scroll of teleportation {unknown}
 j - a scroll of blinking {unknown}
 k - a scroll of amnesia {unknown}
 o - a scroll of fear {unknown}
 p - a scroll of recharging {unknown}
Potions
 d - a potion of ambrosia
 i - a potion of haste {unknown}
 l - a potion of heal wounds {unknown}
 r - a potion of agility {unknown}
Books
 s - a book of Minor Magic

   Spells                             Type                      Level
   a - Magic Dart                     Conjuration                  1
   b - Blink                          Translocation                2
   c - Call Imp                       Summoning                    2
   d - Repel Missiles                 Charms/Air                   2
   e - Slow                           Hexes                        2
   f - Conjure Flame                  Conjuration/Fire             3
   g - Mephitic Cloud                 Conjuration/Poison/Air       3
Comestibles
 b - 2 meat rations
 f - a royal jelly
 h - 2 beef jerkies


   Skills:
 + Level 4.3 Fighting
 + Level 3.1 Armour
 + Level 2.6 Dodging
 * Level 5.3 Unarmed Combat


You had 5 spell levels left.
You didn't know any spells.

Dungeon Overview and Level Annotations

Branches:
Dungeon (4/15)
 Temple: D:4-7

Altars:
Hepliaklqana
Xom


Innate Abilities, Weirdness & Mutations

Your body is rotting away.
You thrive on raw meat.
You are immune to poison.
You have sharp fingernails.
You are carnivorous and can eat meat at any time.
Your flesh is cold resistant. (rC+)
You are immune to negative energy. (rN+++)
You regenerate slowly when monsters are visible.
You are immune to unholy pain and torment.
You can survive without breathing.


Message History

The orc is engulfed in seething chaos.
As you read the scroll labeled BINYNL ADETEPS, it crumbles to dust.
It is a scroll of identify.
d - a potion of ambrosia You hear some strange, mumbled words.
A puff of frost appears from out of thin air!
The puff of frost hits you! You resist.
* * * LOW HITPOINT WARNING * * *
The orc priest is engulfed in seething chaos.
Okay, then.
Unknown command.
It was a potion of cure mutation.
It has a very clean taste.
Xom thinks this is hilarious!
It was a potion of degeneration.
There was something very wrong with that liquid.
You feel weakened.
You feel dopey.
You feel clumsy.
The orc hits you from afar with a trident.
* * * LOW HITPOINT WARNING * * *
Something hits you.
You die...

#.†.......o.o...#
###############.# #o# #.# #
#.# .# #o# ###.# #.# #...#
##################§######.#.#
#............@{oo...........#
#.################.........^#.
#.# ########..... #.# ######
#.# #.# #.# #.# #.#


You could see an orc priest and an orc.

Vanquished Creatures
  A centaur (D:3)
  A hound (D:4)
  An orc priest (D:4)
  An orc wizard (D:4)
  A worker ant (D:4)
  2 adders
  2 oozes (D:3)
  2 dart slugs
  A giant gecko (D:3)
  5 orcs
  4 bats
  3 giant cockroaches
  8 goblins
  6 hobgoblins
  3 jackals (D:1)
  A quokka (D:3)
  2 giant newts
  4 kobolds
  2 rats
50 creatures vanquished.

Vanquished Creatures (collateral kills)
  A crimson imp (D:3)
1 creature vanquished.

Grand Total: 51 creatures vanquished

Notes
Turn   | Place    | Note
-------+----------+-------------------------------------------
     0 | D:1      | epen the Ghoul Chaos Knight began the quest for the Orb.
     0 | D:1      | Reached XP level 1. HP: 19/19 MP: 0/0
    61 | D:1      | XOM: potion effect (curing)
    66 | D:1      | Reached skill level 1 in Dodging
    86 | D:1      | Reached XP level 2. HP: 12/26 MP: 1/1
   126 | D:1      | XOM: divination: magic mapping
   173 | D:1      | XOM: 3-stop teleportation journey
   618 | D:2      | XOM: smoke on damage
   619 | D:2      | Reached XP level 3. HP: 11/31 MP: 2/2
  1290 | D:3      | XOM: smoke on damage
  1419 | D:3      | Reached skill level 4 in Unarmed Combat
  1424 | D:3      | Reached XP level 4. HP: 36/38 MP: 3/3
  1596 | D:3      | Found a hazy altar of Hepliaklqana.
  1710 | D:3      | Noticed a centaur
  1710 | D:3      | an iguana changed into a centaur
  1710 | D:3      | XOM: polymorph iguana -> centaur
  1726 | D:3      | Killed a centaur
  1726 | D:3      | Reached XP level 5. HP: 31/46 MP: 4/4
  1802 | D:3      | XOM: scenery: create altars
  2030 | D:4      | Reached skill level 5 in Unarmed Combat
  2030 | D:4      | Reached XP level 6. HP: 43/52 MP: 5/5
  2069 | D:4      | XOM: 1-stop teleportation journey
  2276 | D:4      | XOM: harmless Conj miscast
  2289 | D:4      | XOM: chaos cloud
  2297 | D:4      | Slain by an orc wizard

Vault maps used:
D:1:      scummos_arrival_forest
D:3:      nicolae_overflow_hidden_temple, first_bread
D:4:      grunt_dithmenos_smoke

Skill      XL: |  1  2  3  4  5  6 |
---------------+-------------------+-----
Dodging        | 1 2 |  2.6
Armour         | 2 3 |  3.1
Unarmed Combat | 4 5 |  5.3
Fighting       | 4 |  4.3

Action                   |  1- 3 |  4- 6 || total
-------------------------+-------+-------++-------
Melee: Unarmed           |    94 |    80 ||   174
       Punch             |       |     1 ||     1
  Use: Potion            |       |     2 ||     2
       Scroll            |       |     1 ||     1
  Eat: Chunk             |     7 |     4 ||    11
Armor: Leather armour    |    29 |    31 ||    60
Dodge: Dodged            |    64 |    34 ||    98
